 Dungeon Crawl Stone Soup version 0.21-a0-278-ga722497 (webtiles) character file.

27 tidbits the Insei (level 2, -1/22 HPs)
             Began as a Demigod Transmuter on Sept 21, 2017.
             Slain by a hobgoblin
             ... wielding a +0 club
              (4 damage)
             ... on level 1 of the Dungeon.
             The game lasted 00:02:07 (242 turns).

tidbits the Insei (Demigod Transmuter)               Turns: 242, Time: 00:02:08

Health: -1/22      AC:  2    Str: 13    XL:     2   Next: 72%
Magic:  5/7        EV: 12    Int: 17    God:
Gold:   51         SH:  0    Dex: 16    Spells: 2/5 levels left

rFire    . . .     SeeInvis .   a - +1 dagger (venom)
rCold    . . .     Gourm    .   (no shield)
rNeg     . . .     Faith    .   b - +0 robe
rPois    .         Spirit   .   (no helmet)
rElec    .         Reflect  .   (no cloak)
rCorr    +         Harm     .   (no gloves)
MR       .....                  (no boots)
Stlth    ++........             (no amulet)
HPRegen  0.07/turn              K - ring of resist corrosion
MPRegen  0.10/turn              (no ring)

@: no status effects
A: high mp 1
a: no special abilities


You were on level 1 of the Dungeon.
You were not hungry.

You visited 1 branch of the dungeon, and saw 1 of its levels.

You collected 51 gold pieces.

Inventory:

Hand Weapons
 a - a +1 dagger of venom (weapon)
   (You took it off a goblin on level 1 of the Dungeon)
Missiles
 f - 37 arrows
 h - 25 sling bullets
 l - 14 stones (quivered)
Armour
 b - a +0 robe (worn)
Jewellery
 K - a ring of resist corrosion (left hand)
   (You found it on level 1 of the Dungeon)
Scrolls
 e - a scroll of random uselessness {unknown}
 g - a scroll of remove curse {unknown}
 j - a scroll of identify {unknown}
Potions
 i - 2 potions of lignification {unknown}
 k - a potion of magic {unknown}
Books
 c - a book of Changes

   Spells                             Type                      Level
   a - Beastly Appendage              Transmutation                1
   b - Sticks to Snakes               Transmutation                2
   c - Spider Form                    Transmutation/Poison         3
   d - Ice Form                       Ice/Transmutation            4
   e - Blade Hands                    Transmutation                5
Comestibles
 d - 2 bread rations


   Skills:
 - Level 0.8 Fighting
 - Level 1.7 Dodging
 + Level 1.4 Stealth
 - Level 2.6 Unarmed Combat
 - Level 2.0 Spellcasting
 + Level 2.4 Transmutations


You had 2 spell levels left.
You knew the following spells:

 Your Spells              Type           Power        Failure   Level  Hunger
e - Beastly Appendage     Tmut           #.....       7%          1    #......
k - Sticks to Snakes      Tmut           #.......     11%         2    ###....


Dungeon Overview and Level Annotations

Branches:
Dungeon (1/15)


Innate Abilities, Weirdness & Mutations

You have an increased reservoir of magic. (+10% MP)


Message History

You see here a hobgoblin corpse.
Found an emerald potion.
i - an emerald potion Your transformation is almost over.
j - a scratched ivory ring Put on which piece of jewellery? (? for menu, Esc to quit)
j - a ring of resist corrosion (left hand) Adjust (i)tems, (s)pells, or (a)bilities?
Adjust which item? (? for menu, Esc to quit)
j - a ring of resist corrosion (left hand) Adjust to which letter? (? for menu, Esc to quit)
K - a ring of resist corrosion (left hand)
Your talons disappear.
A goblin comes into view.
Found a scroll labeled OMOELU COCAERA.
A kobold comes into view. It is wielding a short sword.
Casting: Beastly Appendage
Confirm with . or Enter, or press ? or * to list all spells.
You grow a pair of large bovine horns.
Your transformation is almost over.
A frilled lizard comes into view.
Found 22 gold pieces.
The goblin shouts!
The kobold shouts!
The goblin hits you.
* * * LOW HITPOINT WARNING * * *
Found a club.
You see here a scroll labeled OMOELU COCAERA.
The frilled lizard hisses angrily.
You hit the kobold. You punch the kobold.
You kill the kobold!
You hit the goblin.
You kill the goblin!
You hit the frilled lizard.
You kill the frilled lizard!
Your horns disappear.
Things that are here:
a short sword; a frilled lizard corpse; a kobold corpse
j - a scroll labeled OMOELU COCAERA You now have 29 gold pieces (gained 15).
You now have 36 gold pieces (gained 7).
Found 14 stones.
You now have 51 gold pieces (gained 15).
k - a fizzy red potion A rat comes into view.
Casting: Beastly Appendage
Confirm with . or Enter, or press ? or * to list all spells.
You grow a pair of large bovine horns.
The rat bites you.
* * * LOW HITPOINT WARNING * * *
Found an emerald potion.
You hit the rat.
The rat is poisoned.
The rat is severely wounded.
You kill the rat!
You see here 14 stones.
l - 14 stones You see here a rat corpse.
Your transformation is almost over. 3 jackals come into view.
The jackal barks! x2; You hear a shout! x2; You hear an angry hiss.
Found a meat ration and a whip.
You see here an emerald potion.
i - 2 emerald potions (gained 1)
The jackal closely misses you.
Your horns disappear.
The jackal barely misses you.
Casting: Beastly Appendage
Confirm with . or Enter, or press ? or * to list all spells.
You grow a pair of large bovine horns.
Your transformation is almost over.
The jackal bites you.
* * * LOW HITPOINT WARNING * * *
You hit the jackal but do no damage. The jackal barely misses you. x2
You hit the jackal but do no damage.
The jackal is poisoned.
You headbutt the jackal.
You kill the jackal!
A hobgoblin comes into view. It is wielding a club.
You hit the jackal.
The jackal is moderately wounded.
The jackal barely misses you. x2
You closely miss the jackal.
The jackal is moderately wounded.
The jackal barely misses you.
You hit the jackal.
The jackal is poisoned.
The jackal is severely wounded.
The jackal bites you but does no damage.
The jackal bites you.
* * * LOW HITPOINT WARNING * * *
You hit the jackal.
You kill the jackal!
Casting: Beastly Appendage
Confirm with . or Enter, or press ? or * to list all spells.
You create a snake!
You now have 37 arrows.
Your horns disappear.
You see here a jackal corpse.
The hobgoblin hits you with a club.
* * * LOW HITPOINT WARNING * * *
You hit the hobgoblin but do no damage.
The hobgoblin is poisoned.
Your adder closely misses the hobgoblin.
The hobgoblin hits you with a club.
You die...

##........# ..........# ####
#..%.....# ##... #.####...# #
#...#....# #.# .#. ###....# #.#
...##########...## #.#
#..............†g########.#
#...............@S......#)###
#.#....>........###.###.....#
#..##........#### ..# ##..####
...##......### #.###......#
...#...##..# #######.##.......#
...†..# #..###................#
#..##.# ##..##................#
#.....####..##................#
#.............................#


You could see a hobgoblin and a friendly adder.

Vanquished Creatures
  A dart slug (D:1)
  A leopard gecko (D:1)
  A giant cockroach (D:1)
  5 goblins (D:1)
  2 hobgoblins (D:1)
  2 jackals (D:1)
  2 kobolds (D:1)
  A bat (D:1)
  3 frilled lizards (D:1)
  4 rats (D:1)
22 creatures vanquished.

Notes
Turn   | Place    | Note
-------+----------+-------------------------------------------
     0 | D:1      | tidbits the Demigod Transmuter began the quest for the Orb.
     0 | D:1      | Reached XP level 1. HP: 15/15 MP: 5/5
    49 | D:1      | Reached skill level 2 in Spellcasting
    78 | D:1      | Reached skill level 2 in Transmutations
   101 | D:1      | Reached XP level 2. HP: 8/22 MP: 5/7
   105 | D:1      | Reached skill level 1 in Stealth
   114 | D:1      | Learned a level 2 spell: Sticks to Snakes
   242 | D:1      | Slain by a hobgoblin

Vault maps used:
D:1:      dpeg_arrival_subterranean_lakeside_camping

Skill      XL: |  1  2 |
---------------+-------+-----
Spellcasting   | 2 |  2.0
Transmutations | 2 |  2.4
Stealth        | 1 |  1.4
Fighting       | |  0.8
Dodging        | |  1.7
Unarmed Combat | |  2.6

Action                   || total
-------------------------++-------
Melee: Dagger            ||    34
       Unarmed           ||     4
       Kick              ||     4
       Punch             ||     2
       Headbutt          ||     1
 Cast: Beastly Appendage ||    10
       Sticks to Snakes  ||     1
 Stab: Sleeping          ||     2
Armor: Robe              ||     2
Dodge: Dodged            ||    15

Table legend:
 A = Spawn XP
 B = Non-spawn XP
 C = Spawn XP percentage of total XP
 D = Spawn monster count
 E = Non-spawn monster count
 F = Spawn count percentage of total count
 G = Total turns spent on level
                    A         B        C        D         E        F      G
               +---------+---------+-------+---------+---------+-------+---------
         Total |       0 |      39 |   0.0 |       0 |      22 |   0.0 |   242
               +---------+---------+-------+---------+---------+-------+---------
           D:1 |       0 |      39 |   0.0 |       0 |      22 |   0.0 |   242
               +---------+---------+-------+---------+---------+-------+---------

Table legend:
 A = Turns spent in this place as a percentage of turns spent in the entire game.
 B = Non-inter-level travel turns spent in this place as a percentage of non-inter-level travel turns spent in the entire game.
 C = Inter-level travel turns spent in this place as a percentage of turns spent in this place.
 D = Turns resting spent in this place as a percentage of non-inter-level travel turns spent in this place.
 E = Turns spent auto-exploring this place as a percentage of non-inter-level travel turns spent in this place.
 F = Non-inter-level travel turns spent in this place divided by the number of levels of this place that you've seen.
                   A       B       C       D       E      F
               +-------+-------+-------+-------+-------+----------------------
         Total | 100.0 | 100.0 |   0.0 |   0.0 |   0.0 | 242.0
       Dungeon | 100.0 | 100.0 |   0.0 |   0.0 |   0.0 | 242.0
               +-------+-------+-------+-------+-------+----------------------

Table legend:
 A = Kills in this place as a percentage of kills in entire the game.
 B = Kills by you in this place as a percentage of kills by you in the entire game.
 C = Kills by friends in this place as a percentage of kills by friends in the entire game.
 D = Other kills in this place as a percentage of other kills in the entire game.
 E = Experience gained in this place as a percentage of experience gained in the entire game.
 F = Experience gained in this place divided by the number of levels of this place that you have seen.
                   A       B       C       D       E      F
               +-------+-------+-------+-------+-------+----------------------
         Total | 100.0 | 100.0 |   N/A |   N/A | 100.0 |  39.0
       Dungeon | 100.0 | 100.0 |   N/A |   N/A | 100.0 |  39.0
               +-------+-------+-------+-------+-------+----------------------

Vault maps used:
D:1:      dpeg_arrival_subterranean_lakeside_camping
